 Dungeon Crawl Stone Soup version 0.18.1-47-g9310371 (webtiles) character file.

1440 grulito the Shield-Bearer (level 9, -2/67 HPs)
             Began as a Human Fighter on June 18, 2016.
             Was a Follower of Ashenzari.
             Hit by a tomahawk thrown by an orc (4 damage)
             ... on level 6 of the Dungeon on June 19, 2016.
             The game lasted 00:49:16 (5775 turns).

grulito the Shield-Bearer (Human Fighter)           Turns: 5775, Time: 00:49:17

Health: -2/67      AC: 17    Str: 19    XL:     9   Next: 4%
Magic:  9/9        EV:  7    Int:  9    God:    Ashenzari [*.....]
Gold:   191        SH: 10    Dex: 13    Spells: 0 memorised, 8 levels left

rFire  . . .     SeeInvis .     a - +1 long sword
rCold  . . .     Gourm    .     z - +1 chain mail
rNeg   . . .     Faith    .     c - +0 shield
rPois  .         Spirit   .     y - +2 helmet
rElec  .         Dismiss  .     (no cloak)
rCorr  .         Reflect  .     r - +2 pair of gloves
SustAt .         Harm     .     (no boots)
MR     .....                    q - amulet of magic regeneration
Stlth  ..........               (no ring)
                                (no ring)

@: not resistant to hostile enchantments, extremely unstealthy
A: no striking features
a: Curse Item, Scrying, Renounce Religion


You were on level 6 of the Dungeon.
You worshipped Ashenzari.
Ashenzari was aware of your devotion.
You were near starving.

You visited 1 branch of the dungeon, and saw 6 of its levels.

You collected 191 gold pieces.

Inventory:

Hand Weapons
 a - a +1 long sword (weapon)
 t - a +0 great sword {grul}
Missiles
 g - 99 stones (quivered)
 n - 19 arrows
Armour
 b - a +1 scale mail
 c - a +0 shield (worn)
 f - a +0 pair of gloves
 r - a +2 pair of gloves (worn)
 y - a +2 helmet (worn)
 z - a +1 chain mail (worn)
Jewellery
 p - an uncursed ring of resist corrosion
 q - an amulet of magic regeneration (around neck)
Scrolls
 i - a scroll of recharging {unknown}
 l - 2 scrolls of identify
 m - 2 scrolls of remove curse
 u - 3 scrolls of immolation {unknown}
Potions
 d - a potion of might
 e - a potion of brilliance {unknown}
 h - a potion of mutation
 j - 3 potions of degeneration
 k - a potion of flight {unknown}
 s - 2 potions of cancellation
 v - a potion of cure mutation
 w - 2 potions of lignification {unknown}
 x - a potion of curing {unknown}
Comestibles
 o - 3 bread rations


   Skills:
 + Level 4.8 Fighting
 + Level 5.0 Long Blades
 + Level 0.6 Throwing
 + Level 5.6 Armour
 + Level 4.2 Dodging
 + Level 0.2 Stealth
 + Level 6.1 Shields


You had 8 spell levels left.
You didn't know any spells.

Dungeon Overview and Level Annotations

Branches:
Dungeon (6/15)
 Temple: D:4-7

Altars:
Ashenzari
Trog
Xom

Annotations:
D:6 Eustachio


Message History

The magic dart hits you! Something hits you but does no damage.
The orc wizard gestures at you while chanting.
The puff of flame hits you!
* * * LOW HITPOINT WARNING * * *
The orc priest hits you but does no damage.
The orc closely misses you. Something hits you but does no damage.
You slash the orc wizard!
The orc wizard is severely wounded.
You block the orc wizard's attack.
The orc priest invokes the aid of Beogh against you.
Beogh smites you!
* * * LOW HITPOINT WARNING * * *
The orc closely misses you. The orc wizard hits you with a dagger.
* * * LOW HITPOINT WARNING * * *
Something hits you but does no damage.
The orc wizard gestures at you while chanting.
The puff of frost hits you!
The orc priest miscasts a cantrip.
The orc throws a tomahawk.
The tomahawk hits you.
You die...

...# #..#
#..#### #.....
#...# .#
#...####?.#.
###.oo........
#<.@{o).......
####..........
...........##
...............
#####.#..##.###
#.##.# .# #.#
.# # #.# .#


You could see an orc priest, an orc wizard and an orc.

Vanquished Creatures
  The ghost of Zleub the Skirmisher, a novice HuFi of Zin (D:5)
  An ice beast (D:5)
  A sky beast (D:5)
  A centaur (D:5)
  2 ogres
  The ghost of kirsanium the Ruffian, an amateur DrTm (D:4)
  2 crimson imps (D:5)
  An orc priest (D:6)
  5 orc wizards
  An iguana (D:4)
  2 worker ants (D:5)
  7 gnolls (D:4)
  4 adders
  2 worms
  2 dart slugs
  6 giant geckos
  13 orcs
  3 ball pythons
  9 giant cockroaches
  8 goblins
  3 hobgoblins
  7 bats
  3 giant newts (D:1)
  4 kobolds
  6 rats
95 creatures vanquished.

Notes
Turn   | Place    | Note
--------------------------------------------------------------
     0 | D:1      | grulito the Human Fighter began the quest for the Orb.
     0 | D:1      | Reached XP level 1. HP: 18/18 MP: 1/1
    67 | D:1      | Found a shattered altar of Ashenzari.
    78 | D:1      | Became a worshipper of Ashenzari the Shackled
   444 | D:1      | Reached XP level 2. HP: 22/24 MP: 2/2
   970 | D:1      | Reached XP level 3. HP: 29/29 MP: 3/3
  1329 | D:2      | Found a faded altar to an unknown god.
  1442 | D:2      | Reached skill level 1 in Dodging
  1503 | D:2      | Found a shimmering altar of Xom.
  1676 | D:2      | Reached XP level 4. HP: 26/35 MP: 4/4
  2098 | D:1      | HP: 1/35 [orc wizard/dagger (4)]
  2103 | D:1      | Reached skill level 4 in Shields
  2403 | D:2      | Reached XP level 5. HP: 39/41 MP: 5/5
  2991 | D:4      | Noticed an ogre
  2995 | D:4      | Noticed kirsanium's ghost (amateur DrTm)
  3012 | D:3      | Killed an ogre
  3012 | D:3      | Reached XP level 6. HP: 16/47 MP: 6/6
  3050 | D:4      | Killed kirsanium's ghost
  3417 | D:4      | Reached XP level 7. HP: 48/53 MP: 7/7
  4071 | D:4      | Reached skill level 5 in Shields
  4161 | D:4      | Reached * piety under Ashenzari
  4163 | D:4      | Found a bloodstained altar of Trog.
  4552 | D:5      | Entered Level 5 of the Dungeon
  4628 | D:5      | Noticed Zleub's ghost (novice HuFi)
  4662 | D:5      | Killed Zleub's ghost
  4662 | D:5      | Reached skill level 5 in Armour
  4662 | D:5      | Reached XP level 8. HP: 8/61 MP: 8/8
  5287 | D:5      | Reached skill level 6 in Shields
  5668 | D:5      | Reached skill level 5 in Long Blades
  5668 | D:5      | Reached XP level 9. HP: 67/67 MP: 9/9
  5674 | D:6      | Noticed Eustachio
  5774 | D:6      | HP: 3/67 [orc priest/divine providence (13)]
  5775 | D:6      | Hit by a tomahawk thrown by an orc

Skill      XL: |  1  2  3  4  5  6  7  8 |
---------------+-------------------------+-----
Dodging        | 1 2 3 4 |  4.2
Shields        | 4 5 6 |  6.1
Armour         | 4 5 |  5.6
Long Blades    | 4 5 |  5.0
Fighting       | 4 |  4.8
Throwing       | |  0.6
Stealth        | |  0.2

Action                   |  1- 3 |  4- 6 |  7- 9 || total
-------------------------+-------+-------+-------++-------
Melee: Long sword        |   140 |   131 |   384 ||   655
Throw: Stone             |       |     8 |    17 ||    25
  Use: Scroll            |       |     9 |     3 ||    12
       Potion            |       |     2 |     1 ||     3
  Eat: Bread ration      |     1 |     1 |       ||     2
       Royal jelly       |       |     1 |       ||     1
       Pizza             |       |       |     1 ||     1
       Beef jerky        |       |       |     2 ||     2
Armor: Scale mail        |    90 |    96 |    31 ||   217
       Chain mail        |       |       |   237 ||   237
Dodge: Dodged            |    60 |    46 |   131 ||   237
Block: Shield            |    92 |    93 |   251 ||   436
